 Dungeon Crawl Stone Soup version 0.24.0-123-gd5b16e6ec5 (webtiles) character file.

Game seed: 10492931222895309, levelgen mode: deterministic

92 FishyPogo the Ducker (level 4, -3/34 HPs)
             Began as a Demonspawn Gladiator on Jan 3, 2020.
             Killed by divine providence
             ... invoked by an orc priest
              (11 damage)
             ... on level 2 of the Dungeon.
             The game lasted 00:02:26 (884 turns).

FishyPogo the Ducker (Demonspawn Gladiator)          Turns: 884, Time: 00:02:30

Health: -3/34      AC:  3    Str: 15    XL:     4   Next: 35%
Magic:  4/4        EV: 13    Int:  9    God:
Gold:   62         SH:  0    Dex: 15    Spells: 3/3 levels left

rFire    . . .     SeeInvis .   h - +2 dagger (venom)
rCold    . . .     Gourm    .   (no shield)
rNeg     . . .     Faith    .   b - +0 leather armour
rPois    .         Spirit   .   (helmet restricted)
rElec    .         Reflect  .   (no cloak)
rCorr    .         Harm     .   (no gloves)
MR       .....                  (no boots)
Stlth    +.........             (no amulet)
HPRegen  0.11/turn              (no ring)
MPRegen  0.09/turn              (no ring)

@: no status effects
A: horns 2, demonic guardian 1
a: no special abilities


You were on level 2 of the Dungeon.
You were not hungry.

You visited 1 branch of the dungeon, and saw 3 of its levels.

You collected 62 gold pieces.

Inventory:

Hand Weapons
 a - a +0 war axe
 h - a +2 dagger of venom (weapon)
Missiles
 d - 3 throwing nets (quivered)
 i - 18 poisoned darts
 k - 6 stones
Armour
 b - a +0 leather armour (worn)
Scrolls
 c - a scroll of magic mapping {unknown}
 e - 2 scrolls of teleportation {unknown}
 l - a scroll of fear {unknown}
Potions
 g - a potion of curing {unknown}
Comestibles
 f - 4 rations
 m - 3 chunks of flesh


   Skills:
 * Level 2.9 Fighting
 + Level 1.1 Short Blades
 - Level 3.0 Axes
 - Level 2.0 Throwing
 * Level 1.8 Armour
 - Level 3.0 Dodging


You had 3 spell levels left.
You didn't know any spells.
Your spell library was empty.

Dungeon Overview and Level Annotations

Branches:
Dungeon (3/15)

Altars:


Innate Abilities, Weirdness & Mutations

You have a pair of horns on your head.
A weak demonic guardian rushes to your aid.


Message History

Your white imp closely misses the orc.
Your shadow imp hits the orc priest.
You closely miss the orc priest.
Your ufetubus hits the orc priest but does no damage.
Your ufetubus closely misses the orc priest.
The orc closely misses you.
The orc priest hits your shadow imp with a cursed -2 whip.
Your ufetubus hits the orc priest. x2
Your shadow imp hits the orc priest but does no damage.
Your white imp hits the orc.
Your white imp freezes the orc.
The orc dies!
You have reached level 4!
You feel agile.
Your demonic ancestry asserts itself...
The horns on your head grow some more.
You hit the orc priest.
The orc priest is poisoned.
The orc priest is moderately wounded.
You kill the orc priest!
Your Short Blades skill increases to level 1!
The orc priest invokes the aid of Beogh against you.
Beogh smites you!
You die...

...# #..# #..#
#..#
#..#########
#...........
#>..########
#...# #@55#
......)o)......
.....5...######
##########


You could see an orc priest, a friendly white imp, a friendly shadow imp and a
friendly ufetubus.

Vanquished Creatures
  An orc priest (D:2)
  An orc wizard (D:2)
  2 adders (D:3)
  2 leopard geckos (D:1)
  4 bats
  A giant cockroach (D:1)
  A goblin (D:1)
  A hobgoblin (D:1)
  A ball python (D:1)
  2 frilled lizards (D:1)
  5 kobolds (D:1)
  3 rats
24 creatures vanquished.

Vanquished Creatures (collateral kills)
  2 orcs (D:2)
  A rat (D:2)
3 creatures vanquished.

Grand Total: 27 creatures vanquished

Notes
Turn   | Place    | Note
-------+----------+-------------------------------------------
     0 | D:1      | FishyPogo the Demonspawn Gladiator began the quest for the
                  | Orb.
     0 | D:1      | Reached XP level 1. HP: 16/16 MP: 1/1
   208 | D:1      | Gained mutation: You have a pair of small horns on your
                  | head. [demonic ancestry]
   208 | D:1      | Reached XP level 2. HP: 14/22 MP: 2/2
   495 | D:1      | Reached skill level 1 in Armour
   714 | D:2      | You fall into a shaft and drop 1 floor!
   727 | D:3      | Gained mutation: A weak demonic guardian rushes to your
                  | aid. [demonic ancestry]
   727 | D:3      | Reached XP level 3. HP: 11/28 MP: 3/3
   883 | D:2      | Gained mutation: You have a pair of horns on your head.
                  | [demonic ancestry]
   883 | D:2      | Reached XP level 4. HP: 7/34 MP: 4/4
   884 | D:2      | Reached skill level 1 in Short Blades
   884 | D:2      | Killed from afar by an orc priest

Levels and vault maps discovered:
D:1:      nicolae_arrival_washed_ashore, layout_loops_ring
D:2:      layout_loops_ring, st_stairs_14
D:3:      wander_river, layout_rooms

Skill      XL: |  1  2  3  4 |
---------------+-------------+-----
Armour         | 1 |  1.8
Throwing       | 2 |  2.0
Axes           | 3 |  3.0
Dodging        | 3 |  3.0
Short Blades   | 1 |  1.1
Fighting       | |  2.9

Action                   |  1- 3 |  4- 6 || total
-------------------------+-------+-------++-------
Melee: Dagger            |    70 |     1 ||    71
       War axe           |     1 |       ||     1
       Headbutt          |     8 |       ||     8
  Use: Potion            |     1 |       ||     1
Armor: Leather armour    |    13 |       ||    13
Dodge: Dodged            |    46 |       ||    46
